 Dungeon Crawl Stone Soup version 0.30.2 (webtiles) character file.

Game seed: 5961134978299511643

75 Didimus the Chiller (level 4, -4/35 HPs)
             Began as a Draconian Ice Elementalist on Apr 6, 2024.
             Slain by an orc priest
             ... wielding a +2 morningstar of protection
              (11 damage)
             ... on level 2 of the Dungeon.
             The game lasted 00:08:02 (1194 turns).

Didimus the Chiller (Draconian Ice Elementalist)    Turns: 1194, Time: 00:08:04

Health: -4/35      AC:  5    Str: 10    XL:     4   Next: 11%
Magic:  2/7        EV: 12    Int: 18    God:
Gold:   30         SH:  0    Dex: 11    Spells: 7/8 levels left

rFire   . . .        f - +0 sling
rCold   . . .        (no shield)
rNeg    . . .        (body armour unavailable)
rPois   .            (helmet restricted)
rElec   .            (no cloak)
rCorr   .            (no gloves)
SInv    .            (no boots)
Will    .....        (no amulet)
Stlth   ++           (no ring)
HPRegen 0.25/turn    (no ring)
MPRegen 0.10/turn

%: no passive effects
@: no status effects
A: AC +5, unfitting armour, cold-blooded
a: no special abilities


You were on level 2 of the Dungeon.
You visited 1 branch of the dungeon, and saw 2 of its levels.

You collected 30 gold pieces.

Inventory:

Hand Weapons
 f - a +0 sling (weapon)
Scrolls
 b - a scroll of enchant armour {unknown}
 c - 2 scrolls of identify {unknown}
 h - a scroll of blinking {unknown}
Potions
 d - 2 potions of curing {unknown}
 g - a potion of attraction {unknown}
 i - a potion of haste {unknown}


   Skills:
 + Level 1.1 Fighting
 + Level 1.7 Ranged Weapons
 + Level 1.8 Dodging
 + Level 1.8 Stealth
 + Level 2.6 Spellcasting
 + Level 4.5 Ice Magic


You had 7 spell levels left.
You knew the following spells:

 Your Spells              Type           Power      Damage    Failure   Level
a - Freeze                Ice            72%        1d8       2%          1

Your spell library contained the following spells:

 Spells                   Type           Power      Damage    Failure   Level
 Frozen Ramparts          Ice            36%        1d6       8%          3
 Ozocubu's Armour         Ice            18%        N/A       8%          3
 Summon Ice Beast         Ice/Summ       10%        N/A       54%         4


Dungeon Overview and Level Annotations

Branches:
Dungeon (2/15)

Altars:


Innate Abilities, Weirdness & Mutations

Your plain brown scales are hard. (AC +5)
You cannot fit into any form of body armour.
You are cold-blooded and may be slowed by cold attacks.


Message History

Press: ? - help, Shift-Dir - straight line, f - orc
Aim: an orc, wielding a +0 dagger (blue smoke, heavily wounded)
You freeze the orc!
You kill the orc!
Unknown command.
Casting: Freeze (safe; 2% risk of failure)
Confirm with . or Enter, or press ? or * to list all spells.
Aiming: Freeze (safe; 2% risk of failure)
Press: ? - help, Shift-Dir - straight line, f - orc
Aim: an orc, wielding a +0 falchion (blue smoke)
You freeze the orc.
The orc is heavily wounded.
The orc hits you with a +0 falchion.
* * * LOW HITPOINT WARNING * * *
The orc priest begins to cast a cantrip, but forgets the words!
Casting: Freeze (safe; 2% risk of failure)
Confirm with . or Enter, or press ? or * to list all spells.
Aiming: Freeze (safe; 2% risk of failure)
Press: ? - help, Shift-Dir - straight line, f/p - orc
Aim: an orc, wielding a +0 falchion (blue smoke, heavily wounded)
You freeze the orc.
The orc is almost dead.
The orc misses you.
Unknown command.
Casting: Freeze (safe; 2% risk of failure)
Confirm with . or Enter, or press ? or * to list all spells.
Aiming: Freeze (safe; 2% risk of failure)
Press: ? - help, Shift-Dir - straight line, f/p - orc
Aim: an orc, wielding a +0 falchion (blue smoke, almost dead)
You freeze the orc.
You kill the orc!
Casting: Freeze (safe; 2% risk of failure)
Confirm with . or Enter, or press ? or * to list all spells.
Aiming: Freeze (safe; 2% risk of failure)
Press: ? - help, Shift-Dir - straight line, f - orc priest
Aim: an orc priest, wielding a +2 morningstar of protection (blue smoke, lightly wounded)
You freeze the orc priest.
The orc priest is moderately wounded.
The orc priest hits you with a +2 morningstar of protection!
You die...

#..................
#...........#######
#.........###
#........^# #.........#
#.........# #.........#
#####
#.........#######o.....
#########...§§@oo§.~...
########§o..... .......
....... #..~... ......
.##### ..


You could see an orc priest and an orc.

Vanquished Creatures
  An orc priest (D:2)
  An adder (D:2)
  A worm (D:2)
  4 orcs (D:2)
  4 endoplasms (D:1)
  2 giant cockroaches (D:1)
  2 hobgoblins
  A kobold (D:1)
  3 quokkas (D:1)
  4 ball pythons (D:1)
  3 bats (D:1)
  3 frilled lizards
  2 rats
31 creatures vanquished.

Notes
Turn   | Place    | Note
-------+----------+-------------------------------------------
     0 | D:1      | Didimus the Draconian Ice Elementalist began the quest for
                  | the Orb.
     0 | D:1      | Reached XP level 1. HP: 14/14 MP: 3/3
   219 | D:1      | Reached XP level 2. HP: 20/20 MP: 1/5
  1126 | D:2      | Reached XP level 3. HP: 26/26 MP: 4/6
  1134 | D:2      | Reached skill level 1 in Fighting
  1187 | D:2      | Reached skill level 1 in Ranged Weapons
  1187 | D:2      | Reached XP level 4. HP: 10/35 MP: 0/7
  1194 | D:2      | Slain by an orc priest

Illustrated notes

Levels and vault maps discovered:
D:1:      amcnicky_arrival_gap_in_the_tavern_cellar, layout_basic
D:2:      cheibrodos_pilgrimage, layout_basic, serial_aquarium,
          aquarium_bridge_long_separate [aquarium_subvault_bridge,
          aquarium_subvault_wall, aquarium_subvault_bridge,
          aquarium_subvault_window, aquarium_subvault_wall,
          aquarium_subvault_bridge], aquarium_window_3, aquarium_window_corner,
          aquarium_window_2, aquarium_view_2d, aquarium_balcony_5b,
          aquarium_pool_split, uniq_terence

Skill      XL: |  1  2  3 |
---------------+----------+-----
Fighting       | 1 |  1.1
Ranged Weapons | 1 |  1.7
Dodging        | |  1.8
Stealth        | |  1.8
Spellcasting   | |  2.6
Ice Magic      | |  4.5

Action                     |  1- 3 |  4- 6 || total
---------------------------+-------+-------++-------
   Fire: Sling             |    42 |       ||    42
   Cast: Freeze            |    33 |     6 ||    39
    Use: Scroll            |       |     1 ||     1
         Potion            |       |     1 ||     1
 Armour: Skin              |     5 |       ||     5
  Dodge: Dodged            |    12 |     2 ||    14
